 Dungeon Crawl Stone Soup version 0.27-a0-1301-g128193abf8 (webtiles) character file.

Game seed: 13919440319442532452

82 Froggeryz the Sneak (level 4, -4/38 HPs)
             Began as a Ghoul Delver on June 17, 2021.
             Slain by an iguana (6 damage)
             ... on level 5 of the Dungeon.
             The game lasted 00:00:52 (128 turns).

Froggeryz the Sneak (Ghoul Delver)                   Turns: 128, Time: 00:00:52

Health: -4/38      AC:  6    Str: 16    XL:     4   Next: 43%
Magic:  3/3        EV: 11    Int:  5    God:
Gold:   0          SH:  0    Dex: 10    Spells: 3/3 levels left

rFire    . . .     SeeInvis .   i - +0 short sword (venom)
rCold    + . .     Faith    .   (no shield)
rNeg     + + +     Spirit   .   b - +0 leather armour
rPois    ∞         Reflect  .   h - +2 helmet
rElec    .         Harm     .   (no cloak)
rCorr    .         Rampage  .   (no gloves)
Will     .....                  (no boots)
Stlth    +++.......             (no amulet)
HPRegen  0.00/turn              (no ring)
MPRegen  0.08/turn              (no ring)

@: no status effects
A: claws 1, cold resistance 1, negative energy resistance 3, inhibited
regeneration, torment resistance 2
a: no special abilities


You were on level 5 of the Dungeon.
You visited 1 branch of the dungeon, and saw 1 of its levels.

Inventory:

Hand Weapons
 a - a +0 mace
 i - a +0 short sword of venom (weapon)
Armour
 b - a +0 leather armour (worn)
 h - a +2 helmet (worn)
 k - a +0 pair of gloves
Wands
 g - a wand of digging (3)
Scrolls
 c - a scroll of fog
 d - a scroll of magic mapping
 j - a scroll of noise {unknown}
Potions
 f - a potion of haste


   Skills:
 - Level 3.2 Fighting
 * Level 3.4 Maces & Flails
 + Level 1.9 Armour
 - Level 1.7 Dodging
 - Level 5.4 Stealth


You had 3 spell levels left.
You didn't know any spells.
Your spell library was empty.

Dungeon Overview and Level Annotations

Branches:
Dungeon (5/15)
 Temple: D:4-7

Altars:


Innate Abilities, Weirdness & Mutations

You thrive by killing the living.
You are immune to poison.
You have sharp fingernails.
Your flesh is cold resistant. (rC+)
You are immune to negative energy. (rN+++)
You do not regenerate when monsters are visible.
You are immune to unholy pain and torment.


Message History

The centaur kicks you but does no damage.
The scorpion completely misses you.
You hit the centaur.
The centaur looks as sick as possible!
The centaur is lightly wounded.
The centaur hits you but does no damage.
The centaur misses you. The scorpion closely misses you.
You hit the centaur.
The centaur looks as sick as possible!
The centaur is moderately wounded.
The centaur hits you. The centaur closely misses you. The scorpion stings you.
The centaur hits you.
* * * LOW HITPOINT WARNING * * *
The centaur kicks you.
* * * LOW HITPOINT WARNING * * *
As you read the scroll of fear, it crumbles to dust.
You assume a fearsome visage.
The scorpion looks frightened!
The centaur looks frightened!
The centaur wails, "Oh dear!
Oh dear!"
A hound skeleton comes into view.
The hound skeleton moves out of view.
Found a stone staircase leading up.
You feel a bit more experienced.
Your Maces & Flails skill increases to level 3!
Your Armour skill increases to level 1!
You have reached level 2!
You have reached level 3!
Your experience leads to an increase in your attributes!
Increase (S)trength, (I)ntelligence, or (D)exterity?
You feel stronger.
You have reached level 4!
Found a stone staircase leading down.
A sky beast comes into view.
There is a stone staircase leading down here.
An iguana comes into view.
Okay, then.
Okay, then.
The iguana bites you.
* * * LOW HITPOINT WARNING * * *
There is a stone staircase leading up here.
The iguana bites you.
You die...

#.......####..###.# .#
####.#....###..#..## ..#
.......#...........##.##
..#...###.#............#
.###(..##.#............#
..#....##...............#
..........#..............
..........#.#...l.......#
J###.....###....@........
...##..............##.###
..###...........##.# .#
...##..###...... ... .
....#........... ....
...)............ ##.#.#.#
...............# #......
.#.............####..#$#.#
##.............##.#.......


You could see an iguana.

Vanquished Creatures
  A centaur (D:5)
  2 orcs (D:5)
3 creatures vanquished.

Notes
Turn   | Place    | Note
-------+----------+-------------------------------------------
     0 | D:5      | Froggeryz the Ghoul Delver began the quest for the Orb.
     0 | D:5      | Reached XP level 1. HP: 19/19 MP: 0/0
    33 | D:5      | Noticed a jelly
    90 | D:5      | Noticed a scorpion
    90 | D:5      | Noticed a centaur
   103 | D:5      | Killed a centaur
   104 | D:5      | Reached skill level 1 in Armour
   104 | D:5      | Reached XP level 2. HP: 5/26 MP: 1/1
   104 | D:5      | Reached XP level 3. HP: 5/31 MP: 2/2
   104 | D:5      | Reached XP level 4. HP: 7/38 MP: 3/3
   113 | D:5      | Noticed a sky beast
   128 | D:5      | Slain by an iguana

Illustrated notes

Levels and vault maps discovered:
D:5:      layout_cave_pools, nicolae_uskayaw_en_pointe, serial_glass,
          glass_columns_b, glass_columns_c, glass_columns_a, glass_columns_a,
          glass_columns_c, glass_columns_c, minmay_misc_feat_five,
          kennysheep_small_square

Skill      XL: |  1 |
---------------+----+-----
Maces & Flails | 3 |  3.4
Armour         | 1 |  1.9
Fighting       | |  3.2
Dodging        | |  1.7
Stealth        | |  5.4

Action                   |  1- 3 |  4- 6 || total
-------------------------+-------+-------++-------
Melee: Mace              |     6 |       ||     6
       Short sword       |     4 |       ||     4
  Use: Scroll            |     1 |       ||     1
Armor: Leather armour    |     4 |       ||     4
Dodge: Dodged            |    14 |       ||    14

Table legend: (Time is in decaauts)
 A = Elapsed time spent in this place.
 B = Non-inter-level travel time spent in this place.
 C = Inter-level travel time spent in this place.
 D = Time resting spent in this place.
 E = Time spent auto-exploring this place.
 F = Levels seen in this place.
 G = Mean time per level.
                   A        B        C        D        E       F      G
               +--------+--------+--------+--------+--------+-----+--------+
         Total |    129 |    129 |      0 |      0 |      0 |   1 |  129.0 |
       Dungeon |    129 |    129 |      0 |      0 |      0 |   1 |  129.0 |
               +--------+--------+--------+--------+--------+-----+--------+

Top non-repeatable levels by time:
     D:5: 129 daAuts
